 Dungeon Crawl Stone Soup version 0.31-a0-881-ge136f0c47a (webtiles) character file.

Game seed: 16501783139059803376

974 Demosthentine the Trooper (level 7, 0/56 HPs)
             Began as a Demonspawn Gladiator on Oct 15, 2023.
             Engulfed by a steam dragon's steam (9 damage)
             ... on level 6 of the Dungeon.
             The game lasted 00:07:58 (4780 turns).

Demosthentine the Trooper (Demonspawn Gladiator)    Turns: 4780, Time: 00:07:59

Health: 0/56       AC: 11    Str: 16    XL:     7   Next: 95%
Magic:  16/16      EV: 13    Int:  9    God:
Gold:   160        SH:  0    Dex: 15    Spells: 6/6 levels left

rFire   . . .        a - +0 trident (freeze)
rCold   . . .        (no shield)
rNeg    . . .        b - +0 leather armour
rPois   .            c - +1 helmet
rElec   .            B - +0 cloak
rCorr   .            (no gloves)
SInv    .            j - +0 pair of boots
Will    +....        (no amulet)
Stlth   +            f - ring of willpower
HPRegen 0.29/turn    l - ring of magical power
MPRegen 0.15/turn

%: no passive effects
@: confused, ambrosia-drunk
A: icy blue scales 2, foul stench 1, condensation shield
a: no special abilities


You were on level 6 of the Dungeon.
You visited 1 branch of the dungeon, and saw 6 of its levels.

You collected 300 gold pieces.
You spent 140 gold pieces at shops.

Inventory:

Hand Weapons
 a - a +0 trident of freezing (weapon)
Missiles
 d - 2 throwing nets (quivered)
 e - a javelin
 k - 6 silver javelins
Armour
 b - a +0 leather armour (worn)
 c - a +1 helmet (worn)
 j - a +0 pair of boots (worn)
 B - a +0 cloak (worn)
Jewellery
 f - a ring of willpower (left hand)
 i - a ring of flight
 l - a ring of magical power (right hand)
 v - a ring of wizardry
Wands
 r - a wand of light (7)
Scrolls
 m - 2 scrolls of teleportation
 n - a scroll of vulnerability
 o - 2 scrolls of immolation
 t - a scroll of enchant armour
 w - 2 scrolls of noise
Potions
 g - 4 potions of curing
 h - a potion of might
 p - a potion of resistance
 q - 2 potions of mutation
 s - a potion of enlightenment
 x - a potion of ambrosia
 z - a potion of lignification {unknown}
 A - a potion of heal wounds {unknown}


   Skills:
 + Level 5.0 Fighting
 + Level 4.9 Polearms
 - Level 1.7 Throwing
 + Level 3.9 Armour
 + Level 4.9 Dodging


You had 6 spell levels left.
You didn't know any spells.
Your spell library contained the following spells:

 Spells                   Type           Power      Damage    Failure   Level
 Apportation              Tloc           0%         N/A       43%         1
 Necrotise                Necr           0%         1d4       43%         1
 Sting                    Tmut/Pois      0%         1d3       43%         1
 Summon Small Mammal      Summ           0%         N/A       43%         1
 Poisonous Vapours        Pois/Air       0%         N/A       58%         2
 Olgreb's Toxic Radiance  Pois           0%         N/A       99%         4


Dungeon Overview and Level Annotations

Branches:
Dungeon (6/15)             Temple (0/1) D:5

Altars:
Dithmenos
Fedhas
Gozag
Ru
Sif Muna
Vehumet

Shops:
D:3 *

Annotations:
D:6 Sigmund


Innate Abilities, Weirdness & Mutations

You are mostly covered in icy blue scales. (AC +3)
You may rarely emit foul miasma when damaged in melee.
A meltable shield of frost defends you. (SH +0)


Message History

The ufetubus is moderately wounded.
The ufetubus hits you.
The ufetubus hits you but does no damage.
Sigmund closely misses you.
The sky beast flickers out of sight!
Deactivating autopickup; reactivate with Ctrl-A.
You completely miss the ufetubus.
The ufetubus is moderately wounded.
The ufetubus closely misses you. The ufetubus misses you.
The steam dragon misses you.
The steam dragon claws you but does no damage.
Sigmund hits you from afar with a +0 scythe.
The ufetubus closely misses you. x2
You miss the ufetubus.
The ufetubus is moderately wounded.
The ufetubus barely misses you. The ufetubus completely misses you.
The steam dragon completely misses you.
The steam dragon claws you but does no damage.
Unknown command.
You closely miss the ufetubus.
The ufetubus is moderately wounded.
The ufetubus hits you but does no damage.
The ufetubus closely misses you.
Sigmund says, "Don't worry, I'll kill you fast."
Sigmund hits you but does no damage. The steam dragon breathes steam at you.
The ball of steam hits you!
* * * LOW HITPOINT WARNING * * *
The ball of steam hits the ufetubus!
The ufetubus dies!
You hear a shout!
You are engulfed in a cloud of scalding steam.
* * * LOW HITPOINT WARNING * * *
The steam dragon attacks as it pursues you!
The steam dragon misses you.
The steam dragon claws you but does no damage.
Unknown command.
You are confused.
You feel invigorated.
You are engulfed in a cloud of scalding steam.
You die...

..............
....#.....)...
......#....^..# #..
#.........## ..#
#.......#..## #.#
#......#....## #§#
#.#.....###..# . #
#§###.#.....#....# #.##.
#@#......##......#
.....##D#..#...##.......
......§@...###....#..#<
............#........##.
....{..........#..#.....
...........#...#.##.....
...........#..##..#...##
..............##......#
....................####


You could see a steam dragon (catching breath) and Sigmund.

Vanquished Creatures
  Grinder (D:3)
  A water moccasin (D:5)
  An orc warrior (D:6)
  An ogre (D:5)
  A scorpion (D:6)
  A howler monkey (D:5)
  2 hounds (D:4)
  An orc priest (D:5)
  Crazy Yiuf (D:5)
  Terence (D:2)
  An iguana (D:5)
  2 orc wizards (D:5)
  A sleepcap (D:6)
  A gnoll (D:1)
  3 adders
  An ufetubus (D:6)
  2 worms
  14 orcs
  5 ball pythons
  7 bats
  9 endoplasms
  8 giant cockroaches
  13 goblins
  11 hobgoblins
  4 quokkas
  2 frilled lizards
  4 kobolds
  2 rats
101 creatures vanquished.

Vanquished Creatures (others)
  An ufetubus (D:6)
1 creature vanquished.

Grand Total: 102 creatures vanquished

Notes
Turn   | Place    | Note
-------+----------+-------------------------------------------
     0 | D:1      | Demosthentine the Demonspawn Gladiator began the quest for
                  | the Orb.
     0 | D:1      | Reached XP level 1. HP: 16/16 MP: 1/1
    52 | D:1      | Found a faded altar of an unknown god.
   250 | D:1      | Gained mutation: You are partially covered in icy blue
                  | scales. (AC +2) [demonic ancestry]
   250 | D:1      | Reached XP level 2. HP: 22/22 MP: 2/2
   468 | D:1      | Reached skill level 1 in Armour
   710 | D:1      | Gained mutation: You may rarely emit foul miasma when
                  | damaged in melee. [demonic ancestry]
   710 | D:1      | Reached XP level 3. HP: 26/28 MP: 3/3
   874 | D:2      | Noticed Terence
   895 | D:2      | HP: 1/28 [Terence/+0 flail (4)]
   896 | D:2      | Killed Terence
   903 | D:2      | Gained mutation: A meltable shield of frost defends you.
                  | (SH +0) [demonic ancestry]
   903 | D:2      | Reached XP level 4. HP: 4/34 MP: 4/4
  1302 | D:2      | Identified the +1 chain mail of Qoitt {*Corrode rElec
                  | Stlth+}
  1843 | D:3      | Found Wybubrusimn's Assorted Antiques.
  1856 | D:3      | Found a radiant altar of Vehumet.
  1883 | D:3      | Bought a scroll labelled FUIG WASUMUPP for 28 gold pieces
  1883 | D:3      | Bought a scroll labelled HOIPLO ZOCEAME for 28 gold pieces
  1883 | D:3      | Bought a scroll labelled HEITAECZAE for 28 gold pieces
  1883 | D:3      | Bought a scroll labelled HEITAECZAE for 28 gold pieces
  1883 | D:3      | Bought a scroll labelled XAIDYI QUTUBB for 28 gold pieces
  1993 | D:3      | Reached skill level 3 in Fighting
  2011 | D:3      | Found a shadowy altar of Dithmenos.
  2074 | D:3      | Noticed Grinder
  2076 | D:3      | Paralysed by Grinder for 4 turns
  2090 | D:3      | Killed Grinder
  2091 | D:3      | Gained mutation: You are mostly covered in icy blue scales.
                  | (AC +3) [demonic ancestry]
  2091 | D:3      | Reached XP level 5. HP: 18/42 MP: 5/5
  2091 | D:3      | Reached XP level 6. HP: 20/48 MP: 6/6
  2230 | D:3      | Found a blossoming altar of Fedhas.
  2395 | D:3      | Found an opulent altar of Gozag.
  2395 | D:3      | Found a shimmering blue altar of Sif Muna.
  2395 | D:3      | Found a sacrificial altar of Ru.
  3510 | D:5      | Entered Level 5 of the Dungeon
  3701 | D:5      | Noticed a water moccasin
  3710 | D:5      | Killed a water moccasin
  3711 | D:5      | Reached skill level 4 in Fighting
  3756 | D:5      | Reached XP level 7. HP: 45/54 MP: 7/7
  4213 | D:5      | Found a runed translucent door.
  4214 | D:5      | Noticed Crazy Yiuf
  4235 | D:5      | Found a staircase to the Ecumenical Temple.
  4447 | D:5      | Killed Crazy Yiuf
  4457 | D:5      | Identified the +4 hammer of Nuscha {flame, rN+}
  4722 | D:6      | Reached skill level 5 in Fighting
  4764 | D:6      | Noticed Sigmund
  4766 | D:6      | Noticed a steam dragon
  4780 | D:6      | Engulfed by a steam dragon's steam

Illustrated notes

Levels and vault maps discovered:
D:1:      nzn_arrival_crosshair, layout_basic,
          ebering_ecumenical_altar_abandoned, minmay_tall_x
D:2:      layout_basic, kennysheep_donut, uniq_terence
D:3:      corexii_shack_village, layout_loops_ring, mainiacjoe_overflow_paths,
          lemuel_coloured_pillars_altar, mainiacjoe_overflow_six_doors_small,
          chequers_temple_overflow_statue_of_worship, serial_shops, shop,
          uniq_grinder
D:4:      layout_basic, nicolae_overflow_crystal_walls
D:5:      layout_loops_ring, temple_hall, hangedman_decor_slide_cut,
          uniq_crazy_yiuf_cottage
D:6:      layout_cave_pools, mainiacjoe_overflow_tiny_flanked,
          gammafunk_temple_overflow_arena, serial_shops, shop,
          nicolae_shop_gadgets, uniq_sigmund

Skill      XL: |  1  2  3  4  5  6  7 |
---------------+----------------------+-----
Polearms       | 3 4 |  4.9
Armour         | 1 2 3 |  3.9
Dodging        | 3 4 |  4.9
Fighting       | 3 4 5 |  5.0
Throwing       | |  1.7

Action                     |  1- 3 |  4- 6 |  7- 9 || total
---------------------------+-------+-------+-------++-------
  Melee: Trident           |    86 |   167 |   108 ||   361
         Punch             |       |     4 |     1 ||     5
  Throw: Throwing net      |     2 |       |       ||     2
    Use: Scroll            |     5 |     8 |     3 ||    16
         Potion            |       |     4 |     1 ||     5
   Stab: Sleeping          |     2 |     7 |       ||     9
         Held in net/web   |     1 |       |       ||     1
         Distracted        |       |       |     1 ||     1
 Armour: Leather armour    |    37 |    62 |    67 ||   166
  Dodge: Dodged            |    41 |    63 |    64 ||   168
  Block: Other             |       |    23 |    21 ||    44

Table legend: (Time is in decaauts)
 A = Elapsed time spent in this place.
 B = Non-inter-level travel time spent in this place.
 C = Inter-level travel time spent in this place.
 D = Time resting spent in this place.
 E = Time spent auto-exploring this place.
 F = Levels seen in this place.
 G = Mean time per level.
                   A        B        C        D        E       F      G
               +--------+--------+--------+--------+--------+-----+--------+
         Total |   4814 |   4594 |    220 |    237 |   3572 |   6 |  802.3 |
       Dungeon |   4814 |   4594 |    220 |    237 |   3572 |   6 |  802.3 |
               +--------+--------+--------+--------+--------+-----+--------+

Top non-repeatable levels by time:
     D:5: 1112 daAuts
     D:2: 994 daAuts
     D:3: 923 daAuts
     D:4: 812 daAuts
     D:1: 805 daAuts
     D:6: 166 daAuts
